Map: Водопад

Players

ИИ 1 (эксперт)

  • Race: Terran Terran
  • Spawn Location: 7:00

Doll - Winner!

  • Race: Zerg Zerg
  • Spawn Location: 1:00

VOD

Have the link to the VOD?

Description

Time

  • Played on: Oct. 4, 2022, 9:50 a.m.
  • Length: 12:44
Show
View Real Time Build Order
Export as new Build Order

ИИ 1 (эксперт) Terran 

Build Orders:  

Get SALT Encoding   

  12  0:00  SCV  
  13  0:13  SCV  
  14  0:18  Supply Depot  
  14  0:25  SCV  
  15  0:40  SCV  
  16  0:43  Barracks  
  16  0:52  SCV  
  17  1:04  SCV  
  18  1:16  Supply Depot, SCV  
  19  1:20  Refinery  
  19  1:28  SCV  
  19  1:32  Marine  
  21  1:40  SCV  
  22  1:49  Marine, Barracks  
  22  1:52  SCV  
  22  1:53  Refinery  
  24  2:01  Supply Depot  
  24  2:04  SCV  
  24  2:07  Marine  
  26  2:16  SCV  
  27  2:25  Marine, Factory  
  27  2:29  SCV  
  29  2:35  Marine  
  30  2:41  SCV  
  30  2:43  Marine  
  32  2:53  SCV, Marine  
  34  3:01  Marine  
  34  3:05  SCV  
  36  3:11  Marine  
  37  3:17  SCV  
  38  3:20  Factory Tech Lab  
  38  3:29  SCV  
  38  3:31  Starport  
  38  3:34  Supply Depot  
  39  3:55  SCV, Marine x2  
  42  3:56  Barracks  
  42  4:07  SCV  
  43  4:13  Marine x2  
  45  4:19  SCV  
  45  4:22  Supply Depot  
  46  4:27  Starport Tech Lab  
  46  4:31  SCV  
  47  4:43  Siege Tank, Marine x2  
  47  4:44  SCV, Factory  
  51  4:46  Marine, Starport  
  48  4:56  SCV  
  49  5:00  Marine  
  49  5:01  Marine  
  49  5:04  Marine  
  52  5:08  SCV  
  52  5:12  Supply Depot  
  53  5:18  Marine  
  53  5:19  Marine  
  55  5:33  SCV, Viking x2  
  60  5:36  Supply Depot  
  60  5:45  SCV  
  61  5:57  SCV  
  61  5:58  Barracks Tech Lab  
  61  6:00  Engineering Bay  
  61  6:03  Viking  
  64  6:04  Starport Reactor  
  64  6:07  Command Center  
  64  6:10  Orbital Command  
  64  6:16  Stimpack  
  64  6:27  Terran Infantry Weapons Level 1  
  64  6:32  Supply Depot  
  64  6:38  Viking  
  66  6:45  Viking  
  68  6:52  Viking  
  70  7:04  Supply Depot  
  70  7:08  Viking  
  71  7:15  Viking  
  71  7:20  SCV  
  72  7:24  Viking  
  72  7:29  SCV  
  56  7:32  SCV  
  57  7:48  SCV  
  58  7:59  Viking  
  60  8:06  Viking  
  62  8:20  Refinery  
  62  8:22  Terran Infantry Armor Level 1  
  62  8:25  Refinery  
  62  8:38  Command Center  
  62  8:42  SCV  
  62  8:43  SCV  
  64  8:52  Fusion Core  
  64  8:54  SCV  
  65  9:00  SCV  
  66  9:06  SCV  
  67  9:14  Armory  
  67  9:25  Orbital Command  
  67  9:31  Missile Turret  
  67  9:36  Armory  
  67  9:37  Missile Turret  
  67  9:41  Battlecruiser  
  67  9:43  Starport  
  73  9:51  SCV  
  73  9:52  Marauder  
  76  9:53  SCV  
  76  9:56  SCV  
  78  10:02  Terran Ship Weapons Level 1  
  78  10:03  SCV  
  78  10:05  SCV  
  80  10:08  SCV  
  80  10:13  Marauder  
  83  10:15  SCV  
  83  10:17  SCV  
  83  10:20  SCV  
  86  10:28  SCV  
  87  10:29  SCV  
  87  10:32  SCV  
  87  10:34  Marauder  
  91  10:40  SCV, Refinery  
  91  10:42  SCV  
  93  10:44  SCV  
  93  10:45  Battlecruiser  
  93  10:49  Supply Depot  
  100  10:52  SCV  
  100  10:54  SCV  
  100  10:55  Marine x2  
  100  10:56  SCV, Marauder  
  107  11:03  Hellion  
  107  11:04  SCV  
  107  11:08  SCV, Viking  
  107  11:09  Orbital Command  
  107  11:13  Supply Depot, Marine x2  
  107  11:16  SCV, Viking  
  107  11:17  Marauder  
  93  11:22  Viking  
  84  11:28  SCV  
  84  11:31  Marine  
  76  11:38  Viking  
  76  11:39  Marauder  
  36  12:00  Marauder  
  17  12:26  Command Center  
Show
View Real Time Build Order
Export as new Build Order

Doll Zerg - Winner!

Build Orders: Hatch First 

Get SALT Encoding   

  12  0:00  Drone  
  13  0:13  Overlord  
  13  0:17  Drone  
  14  0:32  Drone x2  
  14  0:35  Drone  
  17  0:55  Hatchery  
  17  0:57  Drone  
  17  1:02  Drone, Extractor  
  17  1:08  Drone  
  18  1:18  Drone  
  19  1:29  Drone, Spawning Pool  
  19  1:40  Overlord  
  19  1:59  Drone  
  20  2:01  Drone  
  20  2:04  Hatchery  
  20  2:10  Drone  
  20  2:13  Drone  
  22  2:19  Queen  
  24  2:29  Spine Crawler, Zergling x2  
  24  2:33  Zergling x2  
  25  2:41  Queen  
  27  2:45  Zergling x2  
  27  2:48  Zergling x2  
  29  2:57  Drone, Spine Crawler  
  29  3:00  Drone  
  29  3:03  Drone  
  31  3:06  Drone  
  31  3:09  Drone  
  33  3:14  Metabolic Boost  
  33  3:17  Drone  
  34  3:22  Drone  
  34  3:24  Drone  
  37  3:27  Drone  
  37  3:31  Overlord  
  37  3:35  Drone  
  37  3:36  Drone  
  37  3:38  Drone  
  40  3:43  Overlord  
  40  3:46  Drone  
  40  3:48  Drone  
  42  3:53  Zergling x4  
  42  3:54  Zergling x2  
  45  3:56  Zergling x2  
  45  3:58  Zergling x2  
  47  4:03  Queen  
  47  4:06  Drone  
  47  4:09  Drone  
  51  4:10  Drone  
  51  4:11  Drone  
  51  4:14  Overlord  
  53  4:23  Queen  
  55  4:33  Baneling Nest  
  55  4:34  Drone, Extractor  
  55  4:35  Drone x6  
  55  4:37  Drone  
  61  4:39  Drone  
  61  4:42  Drone  
  61  4:43  Drone  
  60  4:49  Lair  
  55  4:53  Zergling x6  
  55  4:54  Zergling x2  
  55  4:58  Zergling x2  
  60  5:04  Zergling x8  
  64  5:08  Drone  
  64  5:10  Overlord  
  65  5:15  Overlord  
  65  5:17  Baneling  
  65  5:18  Baneling x7  
  65  5:19  Baneling  
  65  5:20  Baneling  
  65  5:21  Overlord  
  65  5:25  Overlord  
  65  5:32  Zergling x2  
  65  5:33  Zergling x6  
  69  5:36  Zergling x4  
  69  5:40  Queen  
  69  5:41  Zergling x2  
  74  5:47  Hatchery, Zergling x2  
  74  5:48  Centrifugal Hooks, Zergling x2  
  75  5:51  Queen  
  75  5:54  Queen  
  79  5:57  Drone x2  
  79  5:59  Drone  
  79  6:00  Overseer  
  79  6:02  Overseer  
  82  6:05  Zergling x4  
  82  6:06  Zergling x2  
  82  6:07  Zergling x2  
  82  6:08  Zergling x2  
  87  6:12  Baneling x7  
  87  6:13  Baneling  
  87  6:19  Extractor  
  87  6:22  Extractor  
  85  6:26  Overlord, Extractor x2  
  85  6:27  Zergling x2  
  85  6:28  Overlord  
  84  6:35  Zergling x4  
  84  6:36  Overlord  
  84  6:37  Zergling x6  
  84  6:38  Zergling x4  
  84  6:39  Overseer  
  91  6:47  Zergling x4  
  91  6:49  Queen, Zergling x2  
  96  6:54  Drone  
  96  6:55  Drone x3  
  100  7:01  Drone x3  
  100  7:07  Pneumatized Carapace  
  100  7:08  Drone  
  104  7:09  Drone  
  104  7:10  Roach Warren  
  104  7:11  Drone  
  104  7:13  Drone  
  105  7:17  Drone  
  105  7:22  Drone x3  
  99  7:26  Drone x3  
  99  7:28  Drone  
  86  7:33  Drone x2  
  85  7:38  Queen  
  85  7:40  Drone x3  
  87  7:45  Queen  
  87  7:46  Drone  
  87  7:51  Glial Reconstitution  
  90  7:53  Roach x4  
  90  7:55  Roach  
  90  7:56  Roach  
  102  8:01  Evolution Chamber  
  102  8:02  Drone x2  
  102  8:03  Evolution Chamber  
  102  8:04  Roach  
  102  8:05  Drone  
  105  8:06  Drone  
  105  8:11  Roach  
  105  8:12  Roach  
  110  8:13  Overlord  
  110  8:15  Roach  
  110  8:19  Hydralisk Den  
  111  8:20  Drone  
  111  8:21  Drone  
  111  8:22  Drone  
  111  8:23  Drone  
  111  8:24  Spire  
  111  8:25  Zergling x2  
  111  8:26  Zergling x2  
  111  8:27  Zergling x2  
  117  8:30  Zerg Melee Weapons Level 1  
  117  8:32  Zerg Ground Armor Level 1  
  117  8:34  Drone  
  118  8:35  Roach  
  118  8:38  Drone  
  118  8:39  Infestation Pit  
  118  8:40  Roach  
  122  8:42  Roach  
  122  8:45  Roach  
  122  8:47  Roach  
  122  8:48  Roach  
  130  8:49  Roach  
  130  8:50  Roach x2  
  130  8:52  Baneling x4  
  130  8:53  Baneling x2  
  136  8:55  Overlord  
  136  8:59  Overlord  
  136  9:00  Overlord  
  136  9:15  Hydralisk x4  
  144  9:17  Overlord, Hydralisk  
  144  9:18  Hydralisk x2  
  144  9:19  Hydralisk x3  
  144  9:23  Overseer  
  156  9:24  Hydralisk x2  
  156  9:27  Overlord  
  156  9:30  Overlord  
  160  9:36  Hydralisk  
  160  9:37  Hydralisk  
  164  9:39  Zergling x2  
  164  9:40  Zergling x2  
  164  9:41  Hatchery  
  165  9:46  Zergling x6  
  165  9:49  Zergling x6  
  165  9:51  Overlord  
  171  9:54  Overseer  
  171  9:58  Zergling x6  
  174  10:01  Baneling x4  
  174  10:03  Zergling x2  
  175  10:07  Zergling x2  
  175  10:10  Zergling x4  
  175  10:13  Baneling x12  
  178  10:16  Roach x4  
  178  10:19  Roach  
  178  10:20  Roach  
  190  10:23  Hive, Hydralisk  
  190  10:24  Overlord  
Tags
 
Matchup
ЗvТ
Spawn Locations
Cross Positions
Add a new tag
Caveats
  • Supply blocks, unpowered buildings, or Contaminate may cause inaccurate times.
  • Supply counts are checked every 10 seconds.